| TOP OF THE 1ST |
|
Pawtucket Red Sox batting - Pitching for Scranton WB RailRiders : LHP Omar Quinones
|
|
Pitching: LHP Omar Quinones
|
|
|
Batting: RHB Andy Garvin
|
0-0: Ground out 5-3 (Groundball, 56, EV 107.5 MPH)
|
|
Batting: RHB Matt Hinkle
|
0-0: Ball 1-0: Foul Ball, location: 2F 1-1: Foul Ball, location: 2F 1-2: SINGLE (Line Drive, 6MD, EV 99.4 MPH)
|
|
Batting: RHB Roberto Morales
|
0-0: Ball 1-0: Called Strike 1-1: Grounds into double play, 6-4-3 (Groundball, 6, EV 109.4 MPH)
|
| Top of the 1st over - 0 runs, 1 hit, 0 errors, 0 left on base; Pawtucket 0 - Scranton WB 0 |
| BOTTOM OF THE 1ST |
|
Scranton WB RailRiders batting - Pitching for Pawtucket Red Sox : RHP Frank Picaso
|
|
Pitching: RHP Frank Picaso
|
|
|
Batting: RHB Josh Zoglmann
|
0-0: Fly out, F9 (Flyball, 89M, EV 90.0 MPH)
|
|
Batting: SHB Victor Ruiz
|
0-0: Foul Ball, location: 2F 0-1: Ball 1-1: Ball 2-1: Foul Ball, location: 2F 2-2: Strikes out swinging
|
|
Batting: SHB Mukhtar Wa'il
|
0-0: Ball 1-0: Called Strike 1-1: Swinging Strike 1-2: Ball 2-2: Strikes out swinging
|
| Bottom of the 1st over - 0 runs, 0 hits, 0 errors, 0 left on base; Pawtucket 0 - Scranton WB 0 |
| TOP OF THE 2ND |
|
Pawtucket Red Sox batting - Pitching for Scranton WB RailRiders : LHP Omar Quinones
|
|
Batting: RHB Ernie Genier
|
0-0: Called Strike 0-1: Ball 1-1: Ball 2-1: Ball 3-1: Foul Ball, location: 2F 3-2: Strikes out swinging
|
|
Batting: RHB Neil Mautone
|
0-0: Foul Ball, location: 2F 0-1: Ball 1-1: DOUBLE (Flyball, 8RXD, EV 96.2 MPH)
|
|
Batting: RHB Carlos Nolasco
|
0-0: Swinging Strike 0-1: Swinging Strike 0-2: Ball 1-2: Foul Ball, location: 2F 1-2: Ball 2-2: DOUBLE (Line Drive, 9LM, EV 89.4 MPH) Neil Mautone scores
|
|
Batting: RHB John Chiesa
|
0-0: Called Strike 0-1: Ball 1-1: Ground out 6-3 (Groundball, P, EV 81.2 MPH) Carlos Nolasco to third
|
|
Batting: RHB Sal Rivera
|
0-0: Called Strike 0-1: Ball 1-1: Ball 2-1: Ground out 4-3 (Groundball, 4, EV 91.9 MPH)
|
| Top of the 2nd over - 1 run, 2 hits, 0 errors, 1 left on base; Pawtucket 1 - Scranton WB 0 |
| BOTTOM OF THE 2ND |
|
Scranton WB RailRiders batting - Pitching for Pawtucket Red Sox : RHP Frank Picaso
|
|
Batting: LHB Joel Vera
|
0-0: Ground out U3 (Groundball, 3S, EV 90.0 MPH)
|
|
Batting: LHB Dan Morris
|
0-0: Called Strike 0-1: Ball 1-1: Ground out 5-3 (Groundball, 56S, EV 60.0 MPH)
|
|
Batting: RHB Andy Wasierski
|
0-0: Ball 1-0: SINGLE (Groundball, 56D, EV 101.2 MPH)
|
|
Batting: LHB Aaron Joyner
|
0-0: Foul Ball, location: 2F 0-1: Swinging Strike 0-2: Ball 1-2: Strikes out swinging
|
| Bottom of the 2nd over - 0 runs, 1 hit, 0 errors, 1 left on base; Pawtucket 1 - Scranton WB 0 |
| TOP OF THE 3RD |
|
Pawtucket Red Sox batting - Pitching for Scranton WB RailRiders : LHP Omar Quinones
|
|
Batting: RHB Joe Evrard
|
0-0: SINGLE (Groundball, 3D, EV 94.4 MPH)
|
|
Batting: RHB Andy Garvin
|
0-0: Ball 1-0: Foul Ball, location: 2F 1-1: Swinging Strike 1-2: SINGLE (Groundball, 6MD, EV 100.0 MPH) Joe Evrard to second
|
|
Batting: RHB Matt Hinkle
|
0-0: Ball 1-0: Foul Ball, location: 2F 1-1: Ball 2-1: Fielders Choice at 2nd, 4-6 (Groundball, 4M, EV 86.2 MPH) Joe Evrard to third
|
|
Batting: RHB Roberto Morales
|
0-0: Ball 1-0: SINGLE (Groundball, 4D, EV 95.6 MPH) Joe Evrard scores Matt Hinkle to second Runner from 2nd tries for 3rd, SAFE, no throw by RF
|
|
Batting: RHB Ernie Genier
|
0-0: Foul Ball, location: 2F 0-1: Ball 1-1: Grounds into double play, 4-6-3 (Groundball, 4, EV 83.1 MPH)
|
| Top of the 3rd over - 1 run, 3 hits, 0 errors, 1 left on base; Pawtucket 2 - Scranton WB 0 |
| BOTTOM OF THE 3RD |
|
Scranton WB RailRiders batting - Pitching for Pawtucket Red Sox : RHP Frank Picaso
|
|
Batting: SHB Jose Vargas
|
0-0: Called Strike 0-1: Ball 1-1: SINGLE (Groundball, 4D, EV 105.0 MPH)
|
|
Batting: SHB Joe Fure
|
0-0: Ball 1-0: Called Strike 1-1: Swinging Strike 1-2: Ball 2-2: Fly out, F8 (Flyball, 8LM, EV 81.9 MPH)
|
|
Batting: RHB Josh Zoglmann
|
0-0: Foul Ball, location: 2F 0-1: Swinging Strike 0-2: Foul Ball, location: 2F 0-2: Ball 1-2: Strikes out looking
|
|
Batting: SHB Victor Ruiz
|
0-0: Ball 1-0: Called Strike 1-1: Foul Ball, location: 2F 1-2: Ball 2-2: Foul Ball, location: 2F 2-2: Ground out 1-3 (Groundball, 15S, EV 72.5 MPH)
|
| Bottom of the 3rd over - 0 runs, 1 hit, 0 errors, 1 left on base; Pawtucket 2 - Scranton WB 0 |
| TOP OF THE 4TH |
|
Pawtucket Red Sox batting - Pitching for Scranton WB RailRiders : LHP Omar Quinones
|
|
Batting: RHB Neil Mautone
|
0-0: Ball 1-0: Called Strike 1-1: Ball 2-1: Called Strike 2-2: Fly out, F8 (Flyball, 8RD, EV 94.4 MPH)
|
|
Batting: RHB Carlos Nolasco
|
0-0: Called Strike 0-1: Ball 1-1: Ball 2-1: Fly out, F8 (Flyball, 8LM, EV 78.1 MPH)
|
|
Batting: RHB John Chiesa
|
0-0: Ball 1-0: Foul Ball, location: 2F 1-1: Foul Ball, location: 2F 1-2: Ball 2-2: DOUBLE (Flyball, 89XD, EV 93.8 MPH)
|
|
Batting: RHB Sal Rivera
|
0-0: Called Strike 0-1: Called Strike 0-2: Ball 1-2: Ground out 5-3 (Groundball, 56, EV 85.6 MPH)
|
| Top of the 4th over - 0 runs, 1 hit, 0 errors, 1 left on base; Pawtucket 2 - Scranton WB 0 |
| BOTTOM OF THE 4TH |
|
Scranton WB RailRiders batting - Pitching for Pawtucket Red Sox : RHP Frank Picaso
|
|
Batting: SHB Mukhtar Wa'il
|
0-0: Reached via error on a dropped throw from 1B, E1 (Groundball, 34, EV 110.6 MPH)
|
|
Batting: LHB Joel Vera
|
0-0: Called Strike 0-1: SINGLE (Flyball, 89S, EV 98.8 MPH) Mukhtar Wa'il to second
|
|
Batting: LHB Dan Morris
|
0-0: Fly out, F8 (Flyball, 78M, EV 89.4 MPH)
|
|
Batting: RHB Andy Wasierski
|
0-0: Fly out, F9 (Flyball, 9, EV 96.9 MPH)
|
|
Batting: LHB Aaron Joyner
|
0-0: Foul Ball, location: 2F 0-1: Foul Ball, location: 2F 0-2: Foul Ball, location: 2F 0-2: Ball 1-2: Foul Ball, location: 2F 1-2: Ball 2-2: Ball 3-2: Ground out 5-3 (Groundball, 56S, EV 57.5 MPH)
|
| Bottom of the 4th over - 0 runs, 1 hit, 1 error, 2 left on base; Pawtucket 2 - Scranton WB 0 |
| TOP OF THE 5TH |
|
Pawtucket Red Sox batting - Pitching for Scranton WB RailRiders : LHP Omar Quinones
|
|
Batting: RHB Joe Evrard
|
0-0: Ball 1-0: Foul Ball, location: 2F 1-1: Called Strike 1-2: Foul Ball, location: 2F 1-2: Ball 2-2: Ball 3-2: Strikes out looking
|
|
Batting: RHB Andy Garvin
|
0-0: Ball 1-0: Foul Ball, location: 2F 1-1: Called Strike 1-2: Foul Ball, location: 2F 1-2: Reached on error, E3 (Groundball, 34S, EV 81.9 MPH)
|
|
Batting: RHB Matt Hinkle
|
0-0: Ball 1-0: Called Strike 1-1: Foul Ball, location: 2F 1-2: Ball 2-2: SINGLE (Groundball, 6MD, EV 103.1 MPH) Andy Garvin to second
|
|
Batting: RHB Roberto Morales
|
0-0: Fielders Choice at 2nd, 5-4 (Groundball, 56, EV 106.9 MPH) Andy Garvin to third
|
|
Pitching: RHP Johnny Marquez
|
|
|
Batting: RHB Ernie Genier
|
0-0: Fly out, F7 (Flyball, 78M, EV 79.4 MPH)
|
| Top of the 5th over - 0 runs, 1 hit, 1 error, 2 left on base; Pawtucket 2 - Scranton WB 0 |
| BOTTOM OF THE 5TH |
|
Scranton WB RailRiders batting - Pitching for Pawtucket Red Sox : RHP Frank Picaso
|
|
Batting: SHB Jose Vargas
|
0-0: Called Strike 0-1: Ball 1-1: Fly out, F8 (Line Drive, 8LD, EV 107.5 MPH)
|
|
Batting: SHB Joe Fure
|
0-0: SOLO HOME RUN (Flyball, 89XD, EV 99.4 MPH), Distance : 385 ft
|
|
Batting: RHB Josh Zoglmann
|
0-0: Foul Ball, location: 2F 0-1: Ball 1-1: Ground out 6-3 (Groundball, 6, EV 79.4 MPH)
|
|
Batting: SHB Victor Ruiz
|
0-0: Called Strike 0-1: Called Strike 0-2: Strikes out swinging
|
| Bottom of the 5th over - 1 run, 1 hit, 0 errors, 0 left on base; Pawtucket 2 - Scranton WB 1 |
| TOP OF THE 6TH |
|
Pawtucket Red Sox batting - Pitching for Scranton WB RailRiders : RHP Johnny Marquez
|
|
Batting: RHB Neil Mautone
|
0-0: Called Strike 0-1: Swinging Strike 0-2: Foul Ball, location: 2F 0-2: Strikes out looking
|
|
Batting: RHB Carlos Nolasco
|
0-0: Ball 1-0: Ground out 5-3 (Groundball, 5L, EV 85.0 MPH)
|
|
Batting: RHB John Chiesa
|
0-0: Ball 1-0: Ball 2-0: Called Strike 2-1: Ball 3-1: Base on Balls
|
|
Batting: RHB Sal Rivera
|
0-0: Ball John Chiesa steals 2nd, throwing error, E2 John Chiesa to third 1-0: Fly out, F7 (Flyball, 7D, EV 82.5 MPH)
|
| Top of the 6th over - 0 runs, 0 hits, 1 error, 1 left on base; Pawtucket 2 - Scranton WB 1 |
| BOTTOM OF THE 6TH |
|
Scranton WB RailRiders batting - Pitching for Pawtucket Red Sox : RHP Frank Picaso
|
|
Batting: SHB Mukhtar Wa'il
|
0-0: Ball 1-0: Called Strike 1-1: Ground out U3 (Groundball, 13, EV 90.0 MPH)
|
|
Batting: LHB Joel Vera
|
0-0: Called Strike 0-1: Ball 1-1: Ball 2-1: Swinging Strike 2-2: Ball 3-2: Base on Balls
|
|
Batting: LHB Dan Morris
|
0-0: Foul Ball, location: 2F 0-1: Ball 1-1: Swinging Strike 1-2: Ball 2-2: Ball 3-2: Foul Ball, location: 2F 3-2: Base on Balls Joel Vera to second
|
|
Batting: RHB Andy Wasierski
|
0-0: Called Strike 0-1: Foul Ball, location: 2F 0-2: Foul Ball, location: 2F 0-2: Foul Ball, location: 2F 0-2: Ball 1-2: Grounds into double play, 4-6-3 (Groundball, 4, EV 85.6 MPH)
|
| Bottom of the 6th over - 0 runs, 0 hits, 0 errors, 1 left on base; Pawtucket 2 - Scranton WB 1 |
| TOP OF THE 7TH |
|
Pawtucket Red Sox batting - Pitching for Scranton WB RailRiders : RHP Johnny Marquez
|
|
Batting: RHB Joe Evrard
|
0-0: Ball 1-0: Called Strike 1-1: Ground out U3 (Groundball, 3, EV 86.9 MPH)
|
|
Batting: RHB Andy Garvin
|
0-0: Ball 1-0: Ball 2-0: Fly out, F5 (Popup, 25F, EV 86.2 MPH)
|
|
Batting: RHB Matt Hinkle
|
0-0: Ball 1-0: Called Strike 1-1: Ball 2-1: Foul Ball, location: 2F 2-2: Foul Ball, location: 2F 2-2: Foul Ball, location: 2F 2-2: Foul Ball, location: 2F 2-2: Ball 3-2: Strikes out swinging
|
| Top of the 7th over - 0 runs, 0 hits, 0 errors, 0 left on base; Pawtucket 2 - Scranton WB 1 |
| BOTTOM OF THE 7TH |
|
Scranton WB RailRiders batting - Pitching for Pawtucket Red Sox : RHP Frank Picaso
|
|
Batting: LHB Aaron Joyner
|
0-0: Called Strike 0-1: Foul Ball, location: 2F 0-2: Ball 1-2: Foul Ball, location: 2F 1-2: Foul Ball, location: 2F 1-2: Ground out 6-3 (Groundball, 4M, EV 105.6 MPH)
|
|
Batting: SHB Jose Vargas
|
0-0: Ball 1-0: SINGLE (Groundball, 4D, EV 100.6 MPH)
|
|
Batting: SHB Joe Fure
|
0-0: Called Strike 0-1: Swinging Strike 0-2: Strikes out swinging
|
|
Pinch Hitting: LHB Paul Diaz
|
0-0: Ball 1-0: Called Strike 1-1: Foul Ball, location: 2F 1-2: Strikes out swinging
|
| Bottom of the 7th over - 0 runs, 1 hit, 0 errors, 1 left on base; Pawtucket 2 - Scranton WB 1 |
| TOP OF THE 8TH |
|
Pawtucket Red Sox batting - Pitching for Scranton WB RailRiders : RHP Johnny Marquez
|
|
Pitching: RHP Ray Richards
|
|
|
Now at 2B: Paul Diaz
|
|
|
Now at SS: Andy Wasierski
|
|
|
Batting: RHB Roberto Morales
|
0-0: Ball 1-0: Ball 2-0: Ball 3-0: Called Strike 3-1: Fly out, F8 (Line Drive, 8LM, EV 94.4 MPH)
|
|
Batting: RHB Ernie Genier
|
0-0: Ball 1-0: Ball 2-0: Swinging Strike 2-1: Ball 3-1: Foul Ball, location: 2F 3-2: Base on Balls
|
|
Batting: RHB Neil Mautone
|
0-0: Ball 1-0: Called Strike 1-1: DOUBLE (Line Drive, 9LM, EV 104.4 MPH) Ernie Genier to third Runner from 3rd tries for Home, SAFE, throw by RF to home
|
|
Batting: RHB Carlos Nolasco
|
0-0: Ball 1-0: Ball 2-0: Called Strike 2-1: Ball 3-1: Foul Ball, location: 2F 3-2: Strikes out swinging
|
|
Batting: RHB John Chiesa
|
0-0: Ball 1-0: Called Strike 1-1: Ball 2-1: Called Strike 2-2: Fly out, F9 (Flyball, 9S, EV 91.9 MPH)
|
| Top of the 8th over - 1 run, 1 hit, 0 errors, 1 left on base; Pawtucket 3 - Scranton WB 1 |
| BOTTOM OF THE 8TH |
|
Scranton WB RailRiders batting - Pitching for Pawtucket Red Sox : RHP Frank Picaso
|
|
Pitching: LHP John Hotham
|
|
|
Batting: SHB Victor Ruiz
|
0-0: Foul Ball, location: 2F 0-1: Ball 1-1: Ball 2-1: Ball 3-1: Base on Balls
|
|
Batting: SHB Mukhtar Wa'il
|
0-0: Called Strike 0-1: Swinging Strike 0-2: Strikes out looking
|
|
Batting: RHB Devon Utley
|
0-0: Foul Ball, location: 2F 0-1: Ball 1-1: Ball 2-1: Swinging Strike 2-2: Fielders Choice at 2nd, 6-4 (Groundball, 6, EV 88.1 MPH)
|
|
Batting: LHB Dan Morris
|
0-0: Ball 1-0: Ball 2-0: Ball 3-0: Called Strike 3-1: Base on Balls Devon Utley to second
|
|
Batting: RHB Andy Wasierski
|
0-0: Ball 1-0: Called Strike 1-1: Foul Ball, location: 2F 1-2: Fly out, F9 (Flyball, 9, EV 86.9 MPH)
|
| Bottom of the 8th over - 0 runs, 0 hits, 0 errors, 2 left on base; Pawtucket 3 - Scranton WB 1 |
| TOP OF THE 9TH |
|
Pawtucket Red Sox batting - Pitching for Scranton WB RailRiders : RHP Ray Richards
|
|
Pitching: RHP Whitney Batten
|
|
|
Batting: RHB Sal Rivera
|
0-0: Ball 1-0: Ball 2-0: Ball 3-0: Called Strike 3-1: DOUBLE (Flyball, 8LXD, EV 111.9 MPH)
|
|
Batting: RHB Joe Evrard
|
0-0: Ball 1-0: Foul Ball, location: 2F 1-1: Called Strike 1-2: Ball 2-2: Ground out 5-3 (Groundball, 56, EV 90.0 MPH)
|
|
Batting: RHB Andy Garvin
|
0-0: Called Strike 0-1: Called Strike 0-2: Ground out 5-3 (Groundball, 56, EV 85.6 MPH)
|
|
Batting: RHB Matt Hinkle
|
0-0: Foul Ball, location: 2F 0-1: Swinging Strike 0-2: Ground out 5-3 (Groundball, 56, EV 88.8 MPH)
|
| Top of the 9th over - 0 runs, 1 hit, 0 errors, 1 left on base; Pawtucket 3 - Scranton WB 1 |
| BOTTOM OF THE 9TH |
|
Scranton WB RailRiders batting - Pitching for Pawtucket Red Sox : LHP John Hotham
|
|
Pitching: RHP Jim Whiteman
|
|
|
Batting: LHB Aaron Joyner
|
0-0: Ball 1-0: Ball 2-0: Ground out 6-3 (Groundball, 4MD, EV 103.1 MPH)
|
|
Batting: SHB Jose Vargas
|
0-0: Ball 1-0: Called Strike 1-1: Ball 2-1: Ball 3-1: Called Strike 3-2: Foul Ball, location: 2F 3-2: Base on Balls
|
|
Batting: SHB Joe Fure
|
0-0: Fielders Choice at 2nd, 4-6 (Groundball, 34S, EV 85.0 MPH)
|
|
Batting: LHB Paul Diaz
|
0-0: Swinging Strike 0-1: Ball 1-1: Foul Ball, location: 2F 1-2: Strikes out swinging
|
| Bottom of the 9th over - 0 runs, 0 hits, 0 errors, 1 left on base; Pawtucket 3 - Scranton WB 1 |
|